[Event "*** Titled Tuesday Blitz"]
[Site "Chess.com"]
[Date "2019.10.01"]
[Round "9"]
[White "Parhamov"]
[Black "BlueWizzard"]
[Result "1-0"]
[WhiteElo "3043"]
[BlackElo "2856"]
[TimeControl "180+2"]
[EndTime "15:10:51 PDT"]
[Termination "Parhamov won by resignation"]

1. Nf3 Nf6 2. c4 g6 3. b3 d6 4.
Bb2 e5 5. g3 Bg7 6. Bg2 O-O 7.
O-O Nc6 8. d3 Re8 9. a3 e4 10.
dxe4 Nxe4 11. Qc1 Bg4 12. e3 Qd7 13. Bxg7 Kxg7 14. Nfd2 Nf6 15. Qb2 Ne5 16. Nc3 Bh3 17. Nd5 Nxd5 18. cxd5 f6 19. Qd4 Bxg2 20. Kxg2 c5 21.
Qc3 Qb5 22. Nc4 Nxc4 23. bxc4 Qa4 24. Rab1 Rab8 25. Rb5 Re4 26. Rfb1 b6 27. Ra5 Qxa5 28.
Qxa5 bxa5 29. Rxb8 Rxc4 30. Rd8 Ra4 31. Rxd6 Rxa3 32.
Rc6 f5 33. Rxc5 Kf6 34. Rc7 h5 35. Rc6+ Kf7 36. Ra6 a4 37. Kf3 Rd3 38. Rxa7+ Kf6 39.
Ra6+ Kg5 40. h4+ Kh6 41. Ra5 Rd2 42. e4 fxe4+ 43. Ke3 Ra2 44. d6 Rb2 45. Rxa4 Kg7 46. d7 Rb8 47. Rd4 Rd8 48. Kxe4 Kf6 49. Kf4 Ke6 50.
Kg5 Ke5 51. Rd1 Ke4 52. Kxg6 Kf3 53. Rd2 Kg4 54. Kf6 1-0

[Event "*** Titled Tuesday Blitz"]
[Site "Chess.com"]
[Date "2019.10.01"]
[Round "9"]
[White "ckgchess"]
[Black "SanchezKelvin"]
[Result "1-0"]
[WhiteElo "2696"]
[BlackElo "2526"]
[TimeControl "180+2"]
[EndTime "15:10:51 PDT"]
[Termination "ckgchess won by resignation"]

1. e4 c5 2. Nf3 d6 3. Bb5+ Nc6 4. O-O e5 5. c3 f5 6. exf5 Nf6 7. d4 e4 8. Ng5 Bxf5 9. f3 exf3 10. Qxf3 Bd7 11.
Bc4 Bg4 12. Qg3 d5 13. Bd3 Qd7 14. h3 Bd6 15. Bf4 Bxf4 16. Rxf4 Bh5 17. Nd2 O-O 18.
Raf1 Kh8 19. Qh4 Qe8 20. Nxh7 Nxh7 21. Rxf8+ Nxf8 22. Rxf8+ Qxf8 23. Qxh5+ Kg8 24. Bh7+ 1-0

[Event "*** Titled Tuesday Blitz"]
[Site "Chess.com"]
[Date "2019.10.01"]
[Round "9"]
[White "Ginzburg_Yakov"]
[Black "Bryakin_Mikhail"]
[Result "1-0"]
[WhiteElo "2592"]
[BlackElo "2738"]
[TimeControl "180+2"]
[EndTime "15:10:55 PDT"]
[Termination "Ginzburg_Yakov won on time"]

1. e4 d5 2. Nc3 c6 3. d4 dxe4 4.
Nxe4 Bf5 5. Ng3 Bg6 6. Nf3 Nd7 7. h4 h6 8. h5 Bh7 9. Bd3 Bxd3 10. Qxd3 e6 11. Bf4 Qa5+ 12. Bd2 Qc7 13. O-O-O Ngf6 14. Ne4 Rd8 15. g3 Nxe4 16. Qxe4 Nf6 17. Qe2 Be7 18. g4 Nxg4 19. Rhg1 Nf6 20. Rxg7 Bd6 21. Ne5 Bxe5 22. dxe5 Ng8 23. Qf3 Qd7 24. Rgg1 Qd5 25. Qa3 Qxe5 26. Qxa7 Ne7 27. Bc3 Qf4+ 28. Kb1 Rxd1+ 29. Rxd1 O-O 30. Rg1+ Ng6 31. hxg6 1-0

[Event "*** Titled Tuesday Blitz"]
[Site "Chess.com"]
[Date "2019.10.01"]
[Round "9"]
[White "chesstatour"]
[Black "Bagirova"]
[Result "1-0"]
[WhiteElo "2049"]
[BlackElo "2074"]
[TimeControl "180+2"]
[EndTime "15:11:05 PDT"]
[Termination "chesstatour won by resignation"]

1. c4 Nf6 2. Nc3 e6 3. e4 d6 4. d4 g6 5. f4 Bg7 6. Nf3 O-O 7.
Bd3 Nbd7 8. O-O c5 9. e5 dxe5 10. dxe5 Ne8 11. Qe2 a6 12. a4 Rb8 13. Rd1 Qc7 14.
b3 f6 15. exf6 Ndxf6 16. Bb2 Nh5 17. g3 e5 18. Nxe5 Bxe5 19. Qxe5 Qc6 20. Be4 Qf6 21.
Bd5+ Kh8 22. Ne4 Qxe5 23. Bxe5+ Neg7 24. Bxb8 Bg4 25. Be5 Re8 26. Re1 Bf5 27. Nd6 Re7 28. Nxf5 Rxe5 29. Rxe5 Nxf5 30. g4 1-0

[Event "*** Titled Tuesday Blitz"]
[Site "Chess.com"]
[Date "2019.10.01"]
[Round "9"]
[White "doons21"]
[Black "Natalya_Buksa"]
[Result "1-0"]
[WhiteElo "2612"]
[BlackElo "2459"]
[TimeControl "180+2"]
[EndTime "15:11:15 PDT"]
[Termination "doons21 won by checkmate"]

1. e4 c5 2. c3 Nf6 3. e5 Nd5 4. d4 cxd4 5. Nf3 Nc6 6. Bc4 Nb6 7. Bb3 d5 8. exd6 Qxd6 9. O-O Be6 10. Na3 Bxb3 11.
axb3 dxc3 12. Qe2 a6 13. Rd1 Qe6 14. Qxe6 fxe6 15. bxc3 Nd5 16. c4 Nc3 17. Re1 g6 18.
Bb2 Bg7 19. Rac1 b5 20. cxb5 axb5 21. Bxc3 Bxc3 22. Rxc3 b4 23. Rxc6 bxa3 24. Rcxe6 Ra7 25. Ra1 O-O 26. h4 Rf4 27. Re3 Rf6 28. g3 h6 29.
Ra2 Rfa6 30. Kg2 Kg7 31. b4 Kf6 32. b5 Rb6 33. Nd4 Ra4 34. Rf3+ Kg7 35. Nc6 Rxb5 36. Raxa3 Rc4 37. Rac3 Rxc3 38. Rxc3 e6 39. Re3 Kf6 40.
Rxe6+ Kg7 41. Ne5 g5 42. h5 Rb4 43. Rg6+ Kh7 44. Nf7 Rb1 45. Nxh6 Ra1 46. Ng4 Ra5 47.
Nf6+ Kh8 48. Rg8# 1-0

[Event "*** Titled Tuesday Blitz"]
[Site "Chess.com"]
[Date "2019.10.01"]
[Round "9"]
[White "colegiodemadrid"]
[Black "Olga_Girya"]
[Result "0-1"]
[WhiteElo "2351"]
[BlackElo "2491"]
[TimeControl "180+2"]
[EndTime "15:11:17 PDT"]
[Termination "Olga_Girya won by checkmate"]

1. Nf3 d5 2. c4 e6 3. g3 Nf6 4. Bg2 dxc4 5. Qa4+ Bd7 6. Qxc4 c5 7.
Ne5 Qc7 8. Nxd7 Nbxd7 9. O-O Be7 10. Nc3 O-O 11. d3 a6 12. Bf4 Qc8 13. Ne4 Nxe4 14. Bxe4 Nf6 15. Bg2 Qd7 16. Qc2 Nd5 17. Bd2 Rac8 18. a3 b5 19. Rfd1 Rfd8 20. Ba5 Re8 21.
Rac1 Bd8 22. Be1 Bf6 23. e4 Nb6 24. f4 Bd4+ 25. Bf2 Red8 26. g4 e5 27. f5 Qe7 28.
Kh1 h6 29. Qe2 Na4 30. Bxd4 cxd4 31. Qf2 Qg5 32. Rxc8 Rxc8 33. h4 Qxg4 34. Bf3 Rc2 35. Qxc2 Qxf3+ 36. Kg1 Qg3+ 37. Qg2 Qxh4 38. Rc1 Qf4 39.
Rc8+ Kh7 40. Rc1 Qxc1+ 41. Kh2 Qxb2 42. Kh3 Qxg2+ 43. Kxg2 Nb2 44. Kf3 Nxd3 45. Ke2 Nc5 46. Kd2 Nxe4+ 47. Kc2 Nd6 48. Kb3 e4 49. Kb4 e3 50.
Ka5 e2 51. Kxa6 e1=Q 52. Kb6 Qc3 53. a4 bxa4 54. Ka6 Qb4 55. Ka7 Qb7# 0-1

[Event "*** Titled Tuesday Blitz"]
[Site "Chess.com"]
[Date "2019.10.01"]
[Round "9"]
[White "cukus"]
[Black "pedroholly22"]
[Result "1-0"]
[WhiteElo "2469"]
[BlackElo "2335"]
[TimeControl "180+2"]
[EndTime "15:11:18 PDT"]
[Termination "cukus won by checkmate"]

1. d4 c5 2. d5 Nf6 3. Nc3 g5 4. Bxg5 Bg7 5. Nf3 b5 6. Nxb5 Qa5+ 7. Nc3 Ne4 8. Bd2 Nxc3 9. bxc3 Bxc3 10. e4 Qb4 11. Be2 Bxd2+ 12. Nxd2 Rg8 13. O-O d6 14. Kh1 Nd7 15. c4 Ne5 16. f4 Ng4 17. Bxg4 Bxg4 18.
Qc2 Qa3 19. e5 Be2 20. Qxh7 O-O-O 21. Qf5+ Kc7 22. exd6+ Rxd6 23. Rfe1 Qe3 24. Qxf7 Rdg6 25. Rg1 Bh5 26. d6+ Kd7 27. Qf5+ e6 28. Qxh5 Qxd2 29. Qxc5 Rc8 30. Qxa7+ Kc6 31. Qa6+ Kd7 32. Qb7+ Kxd6 33. Rad1 Qxd1 34. Rxd1+ Kc5 35. Qxc8+ Kb4 36. Qb7+ Kc3 37.
Qb3# 1-0

[Event "*** Titled Tuesday Blitz"]
[Site "Chess.com"]
[Date "2019.10.01"]
[Round "9"]
[White "vova-79"]
[Black "Bathory44"]
[Result "1-0"]
[WhiteElo "2481"]
[BlackElo "2607"]
[TimeControl "180+2"]
[EndTime "15:11:19 PDT"]
[Termination "vova-79 won by resignation"]

1. d4 e6 2. c4 c5 3. Nf3 cxd4 4. Nxd4 Nf6 5. Nc3 Bb4 6. Bd2 O-O 7. a3 Bxc3 8. Bxc3 d5 9. e3 Ne4 10. Rc1 Qg5 11. Nf3 Qh6 12. cxd5 Rd8 13. Qd4 exd5 14. Be2 Nc6 15. Qa4 Rd6 16. O-O Rg6 17. Be5 Rxg2+ 18.
Kxg2 Bh3+ 19. Kh1 Nxe5 20. Nxe5 Qg5 21. Ng4 Bxg4 22. Bxg4 Qxg4 23. Qd1 Qh3 24. Qe2 Re8 25. Rg1 Re5 26. f3 Ng5 27. f4 Rxe3 28. Qxe3 1-0

[Event "*** Titled Tuesday Blitz"]
[Site "Chess.com"]
[Date "2019.10.01"]
[Round "9"]
[White "Spring199"]
[Black "PNEPaul"]
[Result "0-1"]
[WhiteElo "2337"]
[BlackElo "1911"]
[TimeControl "180+2"]
[EndTime "15:11:22 PDT"]
[Termination "PNEPaul won by checkmate"]

1. d4 Nf6 2. c4 c5 3. Nf3 e6 4. g3 a6 5. Bg2 h6 6. O-O d5 7. cxd5 exd5 8. Nc3 Nc6 9. Bf4 Be6 10.
Rc1 Rc8 11. dxc5 Bxc5 12. Ne5 Nxe5 13. Bxe5 O-O 14. Bxf6 Qxf6 15. Nxd5 Bxd5 16. Qxd5 Bxf2+ 17. Kh1 Rxc1 18. Rxc1 Qxb2 19. Rf1 Qxe2 20. Qxb7 Qxa2 21. Bd5 Qe2 22. Rc1 Be3 23. Rb1 a5 24. Qd7 Qc2 25. Re1 Qf2 26. Rb1 Bd2 27. Qb5 Be1 28. Qc4 Rd8 29. Rb3 Rxd5 30. h4 Rd2 31. Rb8+ Kh7 32. Qe4+ f5 33. Rh8+ Kxh8 34. Qe8+ Kh7 35. h5 Qh2# 0-1

[Event "*** Titled Tuesday Blitz"]
[Site "Chess.com"]
[Date "2019.10.01"]
[Round "9"]
[White "Roman_Ovetchkin"]
[Black "13MiRacLe"]
[Result "0-1"]
[WhiteElo "2631"]
[BlackElo "2516"]
[TimeControl "180+2"]
[EndTime "15:11:26 PDT"]
[Termination "13MiRacLe won on time"]

1. d4 Nf6 2. c4 g6 3. Nc3 d5 4. Nf3 Bg7 5. cxd5 Nxd5 6. e4 Nxc3 7. bxc3 c5 8. Rb1 O-O 9. Be2 Nc6 10. d5 Bxc3+ 11.
Bd2 Bxd2+ 12. Qxd2 Na5 13. h4 Bg4 14. h5 Bxf3 15.
hxg6 Bxe4 16. Bd3 Bxd3 17. Qxd3 fxg6 18. Kf1 Rf5 19. Rd1 Qf8 20. Qe3 b6 21. Kg1 Rd8 22. Rh4 Nb7 23. Re4 Rf7 24. Re6 Nd6 25. f3 Nf5 26. Qe5 Rf6 27. Rxf6 Qxf6 0-1

[Event "*** Titled Tuesday Blitz"]
[Site "Chess.com"]
[Date "2019.10.01"]
[Round "9"]
[White "Rsnr"]
[Black "riconaipe"]
[Result "1-0"]
[WhiteElo "2770"]
[BlackElo "2613"]
[TimeControl "180+2"]
[EndTime "15:11:29 PDT"]
[Termination "Rsnr won by resignation"]

1. d4 d5 2. c4 e6 3. Nc3 a6 4. cxd5 exd5 5. Nf3 c6 6. Bf4 Bd6 7. Bxd6 Qxd6 8. e3 Ne7 9. Be2 O-O 10. O-O Bf5 11. Rc1 Nd7 12. Na4 h6 13. Nc5 Nxc5 14. dxc5 Qg6 15. Nd4 Rad8 16. Qb3 Bc8 17.
Bd3 Qf6 18. a4 h5 19. Qc2 g6 20. b4 h4 21. h3 Qg5 22. f4 Qf6 23. b5 axb5 24.
axb5 Rfe8 25. b6 Nf5 26. Bxf5 Bxf5 27. Qc3 Bc8 28. Nf3 Kg7 29. Kf2 Bf5 30. Qxf6+ Kxf6 31. Rfd1 Ra8 32. Ra1 Be4 33. Nxh4 Bc2 34. Rdc1 Be4 35. Ra7 Rxa7 36. bxa7 Ra8 37. Ra1 Ke6 38. Nf3 Bxf3 39. Kxf3 Kd7 40. g4 Kc7 41. h4 b6 42.
cxb6+ Kxb6 43. h5 c5 44. h6 c4 45. h7 Kb7 46. Rb1+ Kxa7 47. Ra1+ Kb7 48. Rxa8 Kxa8 49. h8=Q+ 1-0

[Event "*** Titled Tuesday Blitz"]
[Site "Chess.com"]
[Date "2019.10.01"]
[Round "9"]
[White "boasovietica"]
[Black "LazarusChess92"]
[Result "1-0"]
[WhiteElo "2429"]
[BlackElo "2510"]
[TimeControl "180+2"]
[EndTime "15:11:29 PDT"]
[Termination "boasovietica won by resignation"]

1. e4 c5 2. Nf3 e6 3. d4 cxd4 4.
Nxd4 Nc6 5. Nc3 Qc7 6. Nb3 Nf6 7.
Bd3 a6 8. f4 d6 9. Qf3 Be7 10.
Bd2 b5 11. O-O-O b4 12. Ne2 a5 13. Kb1 Bd7 14. g4 a4 15. Nbd4 Nxd4 16. Nxd4 e5 17. Nf5 Bxf5 18. exf5 Rb8 19. g5 Nd7 20. g6 Nf6 21. fxe5 dxe5 22. Rhg1 b3 23. cxb3 axb3 24.
a4 Qa7 25. Bb5+ Rxb5 26. Qc6+ Kf8 27. Qxb5 hxg6 28. fxg6 Rxh2 29. Bb4 fxg6 30. Rd8+ Kf7 31. Qc4+ Nd5 32. Rf1+ Rf2 33. Qxd5+ Kf6 34. Bxe7+ Kxe7 35. Qd6+ 1-0

[Event "*** Titled Tuesday Blitz"]
[Site "Chess.com"]
[Date "2019.10.01"]
[Round "9"]
[White "przemekpiotrowski"]
[Black "GianmarcoVaR"]
[Result "0-1"]
[WhiteElo "2426"]
[BlackElo "2603"]
[TimeControl "180+2"]
[EndTime "15:11:31 PDT"]
[Termination "GianmarcoVaR won by checkmate"]

1. d4 Nf6 2. Nf3 e6 3. g3 b6 4.
Bg2 Bb7 5. O-O Be7 6. c4 O-O 7. Nc3 Ne4 8. Bd2 Bf6 9. Qc2 Nxd2 10. Qxd2 d6 11. e4 Nd7 12. Rad1 c5 13. d5 Bxc3 14. Qxc3 exd5 15. exd5 Qf6 16. Qc2 Rfe8 17. Rfe1 Ne5 18. Nxe5 Rxe5 19. f4 Ree8 20. a4 g6 21. b3 Kf8 22. Bh3 Rad8 23. Qd2 Bc8 24. Bxc8 Rxc8 25. Kg2 a6 26. Kf3 h5 27. Rxe8+ Rxe8 28. Re1 Rxe1 29. Qxe1 Qb2 30. Qe3 Qc2 31. h3 Qh2 32.
f5 Qxh3 33. f6 Qf1+ 34. Ke4 Qf5# 0-1

[Event "*** Titled Tuesday Blitz"]
[Site "Chess.com"]
[Date "2019.10.01"]
[Round "9"]
[White "akretchetov"]
[Black "vovachesss"]
[Result "0-1"]
[WhiteElo "2361"]
[BlackElo "2520"]
[TimeControl "180+2"]
[EndTime "15:11:34 PDT"]
[Termination "vovachesss won by resignation"]

1. d4 Nf6 2. Bf4 d6 3. Nc3 g6 4. Qd2 Bg7 5. O-O-O O-O 6. Bh6 a6 7. Bxg7 Kxg7 8. h4 h5 9. f3 b5 10. e4 Nc6 11. Nh3 b4 12. Nd5 e6 13. Nxf6 Qxf6 14. Ng5 a5 15. g4 Rh8 16. gxh5 Rxh5 17. f4 a4 18. Be2 b3 19. cxb3 axb3 20. Bxh5 bxa2 21. Kc2 gxh5 22. Rhg1 Kh8 23. Qe2 Nxd4+ 24. Rxd4 a1=Q 25. Qxh5+ Kg8 26. Rxa1 Rxa1 27. Rd3 Bd7 28.
Qh7+ Kf8 29. e5 Qxf4 30. Qh8+ Ke7 31. Qf6+ Qxf6 32. exf6+ Kxf6 33. Rf3+ Kg6 34. Rxf7 Ba4+ 35. Kc3 c5 36. b3 Bc6 37. Nxe6 Kxf7 38. Nf4 Rf1 39.
Nd3 Rf3 40. Kd2 Rh3 41. h5 Rxh5 42. Nf4 Rf5 43. Nd3 Rd5 0-1

[Event "*** Titled Tuesday Blitz"]
[Site "Chess.com"]
[Date "2019.10.01"]
[Round "9"]
[White "ChessLover0108"]
[Black "Jospem"]
[Result "0-1"]
[WhiteElo "2750"]
[BlackElo "2894"]
[TimeControl "180+2"]
[EndTime "15:11:43 PDT"]
[Termination "Jospem won by resignation"]

1. d4 Nf6 2. c4 e6 3. Nf3 b6 4. g3 Ba6 5. b3 Bb4+ 6. Bd2 Be7 7. Nc3 c6 8. e4 d5 9. Bd3 O-O 10. Qc2 h6 11. O-O-O dxc4 12. bxc4 b5 13. e5 bxc4 14.
Be2 Nd5 15. Ne4 Qb6 16. Bc3 Nd7 17. Kd2 c5 18. Rb1 Qc7 19. Rhd1 Nxc3 20. Qxc3 cxd4 21.
Qxd4 Rad8 22. Ke1 Nc5 23. Nd6 Nd3+ 24. Kf1 Bxd6 25. exd6 Rxd6 26. Qe3 Rfd8 27. Rd2 Rb6 28. Rbd1 Rd5 29. Rc2 Qd8 30. Rdd2 Rb1+ 31. Kg2 Qa8 32. Kh3 Rb6 33. Rc3 Rbd6 34. Kg2 Ne1+ 35. Kf1 Rxd2 0-1

[Event "*** Titled Tuesday Blitz"]
[Site "Chess.com"]
[Date "2019.10.01"]
[Round "9"]
[White "comsac"]
[Black "Tonychess32"]
[Result "0-1"]
[WhiteElo "2264"]
[BlackElo "2414"]
[TimeControl "180+2"]
[EndTime "15:11:48 PDT"]
[Termination "Tonychess32 won by resignation"]

1. e4 e6 2. d4 d5 3. exd5 exd5 4. Nf3 Nf6 5. Bd3 Bd6 6. O-O O-O 7. c3 Re8 8. Bg5 h6 9. Bh4 Bg4 10. Nbd2 c6 11. Qc2 Nbd7 12. Rfe1 Qc7 13. Bf5 Bxf5 14.
Qxf5 Qb6 15. b3 Qa5 16. Qd3 Qc7 17. Qf5 Rxe1+ 18. Rxe1 Re8 19. Rxe8+ Nxe8 20. c4 g6 21. Qd3 dxc4 22. Nxc4 Ng7 23. Bg3 Bxg3 24. hxg3 Nf6 25. Nce5 Nd5 26. Nd2 Qe7 27. Ne4 Ne6 28. Qd2 Kh7 29.
Nc3 Ndc7 30. d5 cxd5 31. Nxd5 Qd8 32. Nxf7 Qxd5 33. Qxh6+ Kg8 34. Qxg6+ Kf8 35. Qf6 Qd1+ 36. Kh2 Qh5+ 0-1

[Event "*** Titled Tuesday Blitz"]
[Site "Chess.com"]
[Date "2019.10.01"]
[Round "9"]
[White "TrimitziosP7"]
[Black "Mr_Sinigami"]
[Result "1-0"]
[WhiteElo "2740"]
[BlackElo "2419"]
[TimeControl "180+2"]
[EndTime "15:11:51 PDT"]
[Termination "TrimitziosP7 won on time"]

1. Nf3 Nf6 2. Nc3 d5 3. d4 Bf5 4. Bf4 e6 5. e3 a6 6. Bd3 Bg6 7. O-O c5 8. Ne5 Nc6 9. Bg3 Be7 10. Ne2 Qb6 11. Nxc6 bxc6 12. b3 O-O 13. c3 a5 14.
Nf4 cxd4 15. cxd4 c5 16. dxc5 Bxc5 17. Nxg6 hxg6 18. Rc1 Rfc8 19. Be5 Ba3 20. Rc2 Nd7 21. Bd4 Qb7 22. h4 e5 23. Ba1 Rxc2 24. Bxc2 Bd6 25. h5 gxh5 26. Qxh5 Nf6 27. Qf3 Rc8 28. Bf5 Rc7 29.
g4 Qb4 30. g5 Ne4 31. g6 Nd2 32. gxf7+ Kf8 33. Qh5 Rxf7 34. Rc1 Ke7 35. Qg5+ Rf6 36. Qxg7+ Rf7 37. Qg6 Nf3+ 38. Kf1 Qb5+ 39. Bd3 1-0

[Event "*** Titled Tuesday Blitz"]
[Site "Chess.com"]
[Date "2019.10.01"]
[Round "9"]
[White "chess4life23"]
[Black "politeplayer"]
[Result "1-0"]
[WhiteElo "2378"]
[BlackElo "2166"]
[TimeControl "180+2"]
[EndTime "15:11:52 PDT"]
[Termination "chess4life23 won by resignation"]

1. d4 d5 2. c4 e6 3. Nc3 c5 4. cxd5 cxd4 5. Qxd4 Nc6 6. Qd1 exd5 7. Qxd5 Be6 8. Qb5 Bb4 9. e3 Nf6 10. Bd2 O-O 11.
Nf3 a6 12. Qa4 b5 13. Qc2 Rc8 14. Be2 Bd6 15. Qb1 b4 16. Ne4 Nxe4 17. Qxe4 Re8 18. O-O Bd5 19. Qf5 g6 20. Qh3 Be6 21. Qh6 Bf8 22. Qg5 Be7 23. Qf4 Bd6 24. Qg5 f6 25. Qh4 g5 26. Qh5 Bf7 27. Qg4 Be6 28. Bc4 Bxc4 29. Qxc4+ Kh8 30. Rad1 Ne5 31. Nxe5 Rxc4 32.
Nf7+ Kg7 33. Nxd8 Rxd8 34. b3 Rc2 35. Bxb4 Bxb4 36. Rxd8 Rxa2 37. h3 Kg6 38. Rd3 a5 39. g4 h5 40. Kg2 hxg4 41. hxg4 a4 42. bxa4 Rxa4 43. Rd4 f5 44. gxf5+ Kxf5 45. Rb1 1-0

[Event "*** Titled Tuesday Blitz"]
[Site "Chess.com"]
[Date "2019.10.01"]
[Round "9"]
[White "Bucefal_M"]
[Black "NiranjanNavalgund"]
[Result "1-0"]
[WhiteElo "2300"]
[BlackElo "2401"]
[TimeControl "180+2"]
[EndTime "15:12:09 PDT"]
[Termination "Bucefal_M won by checkmate"]

1. d4 Nf6 2. c4 e5 3. dxe5 Ng4 4. Bf4 g5 5. Bg3 Nc6 6. Nf3 Bg7 7. h4 Ngxe5 8.
Nxe5 Nxe5 9. hxg5 Qxg5 10. Nc3 d6 11. e3 Bg4 12. Qb3 O-O-O 13. Bh4 Qf5 14. Bxd8 Rxd8 15. f3 Bh5 16. O-O-O Bg6 17. e4 Qf4+ 18. Kb1 f5 19. Nd5 Qg3 20. f4 Qg4 21. fxe5 fxe4 22. Ne7+ Kb8 23.
Nxg6 hxg6 24. exd6 cxd6 25. Qc2 Rc8 26. Be2 Qe6 27. Rh4 e3 28. Bg4 Qf6 29. Bxc8 Qxh4 30. Bh3 Qf6 31. Re1 Qd4 32. Be6 g5 33. Bd5 Kc7 34.
Qb3 b6 35. Qb5 Qd3+ 36. Ka1 Kd8 37. Qb3 Qd2 38. Rd1 e2 39. Rxd2 e1=Q+ 40. Rd1 Qe2 41. a3 Ke7 42. Kb1 a5 43. Qc2 Qe5 44. Qd2 Kf8 45.
Rf1+ Bf6 46. Qf2 Kg7 47. Qxf6+ Qxf6 48. Rxf6 Kxf6 49. Kc2 Ke5 50. Kd3 Kf4 51. Kd4 g4 52. b4 axb4 53. axb4 g3 54. Kc3 Ke5 55. Bf3 Kf4 56.
Kd4 Kf5 57. Kd5 b5 58. cxb5 Kf4 59. Kxd6 Ke3 60. b6 Kf2 61. b7 Kg1 62. b8=Q Kh2 63. Qh8+ Kg1 64. Qh4 Kf2 65. b5 Kg1 66. Qxg3 Kh1 67.
b6 Kg1 68. b7 Kf1 69. b8=Q Kg1 70. Qb1# 1-0

[Event "*** Titled Tuesday Blitz"]
[Site "Chess.com"]
[Date "2019.10.01"]
[Round "9"]
[White "LastHeroJr"]
[Black "Taron_Shagbazyan"]
[Result "0-1"]
[WhiteElo "2530"]
[BlackElo "2740"]
[TimeControl "180+2"]
[EndTime "15:12:12 PDT"]
[Termination "Taron_Shagbazyan won by resignation"]

1. e4 e5 2. Nf3 Nc6 3. Bc4 Bc5 4.
O-O Nf6 5. d3 d6 6. a4 a5 7. c3 Bb6 8. Na3 h6 9. Nc2 Be6 10. Bxe6 fxe6 11. Be3 Bxe3 12. Nxe3 O-O 13. Qc2 Nh5 14. Qd1 Qf6 15. Kh1 Nf4 16. Ng1 Kh8 17. g3 Ng6 18. Kg2 Nce7 19. d4 Qg5 20. Nf3 Qh5 21. Nxe5 Qxd1 22. Nxg6+ Nxg6 23. Rfxd1 Ra6 24. d5 e5 25. Nf5 Rb6 26. Rd2 Kh7 27. Ne3 Ne7 28.
Rf1 Rb3 29. Nc4 Ra8 30. f4 exf4 31. gxf4 b5 32. axb5 Rxb5 33. Ra1 a4 34. Kg3 Nc8 35. Ra2 Nb6 36. Rd4 Nd7 37. Nd2 Nc5 38. Kf3 Rf8 39. Ke3 g5 40. fxg5 hxg5 41. Rb4 Rbb8 42. Rxb8 Rxb8 43. Kd4 Kg6 44. e5 Rh8 45. exd6 cxd6 46.
Nf1 Rh3 47. Ra1 Rf3 48. Re1 Rf2 49. h3 Rxb2 50. Re8 a3 51. Ra8 a2 52. Ne3 0-1

[Event "*** Titled Tuesday Blitz"]
[Site "Chess.com"]
[Date "2019.10.01"]
[Round "9"]
[White "Alex_Terzi"]
[Black "Jumbo"]
[Result "0-1"]
[WhiteElo "2622"]
[BlackElo "2794"]
[TimeControl "180+2"]
[EndTime "15:12:14 PDT"]
[Termination "Jumbo won by resignation"]

1. e4 g6 2. d4 Bg7 3. Nc3 d6 4. Nf3 Nf6 5. h3 O-O 6. Be3 c6 7. a4 Qc7 8. Be2 e5 9. dxe5 dxe5 10. O-O Re8 11. Nd2 Rd8 12. Bc4 Nbd7 13. Qe2 Nf8 14.
Rfd1 Be6 15. Nb3 b6 16. a5 b5 17. Bxe6 Nxe6 18. Rxd8+ Rxd8 19. Rd1 Rxd1+ 20. Qxd1 b4 21. Na4 Nxe4 22. Qd3 Nd6 23. Bxa7 e4 24. Qa6 Nb5 25. Be3 f5 26. Qb6 Qc8 27. a6 f4 28. Bc5 Be5 29. a7 f3 30. Be3 Bc7 31. Nbc5 Qd8 32. g3 Bxb6 33. Nxb6 Nxa7 34. Nxe6 Qd1+ 35. Kh2 Qf1 36.
Nf4 g5 37. Nd7 gxf4 38. Nf6+ Kf7 0-1

[Event "*** Titled Tuesday Blitz"]
[Site "Chess.com"]
[Date "2019.10.01"]
[Round "9"]
[White "PotapovaM"]
[Black "FMJoseHerrera"]
[Result "0-1"]
[WhiteElo "2416"]
[BlackElo "2535"]
[TimeControl "180+2"]
[EndTime "15:12:16 PDT"]
[Termination "FMJoseHerrera won by resignation"]

1. d4 Nf6 2. c4 c5 3. d5 b5 4.
cxb5 a6 5. bxa6 g6 6. Nc3 Bg7 7. e4 O-O 8. Nf3 Qa5 9. Bd2 Bxa6 10. Be2 Bxe2 11. Qxe2 Qa6 12. Qxa6 Nxa6 13. e5 Ng4 14.
Bf4 Nb4 15. Kd2 Nxf2 16. Rhf1 Nfd3 17. Bg3 Nxb2 18. a3 Nc4+ 19. Ke2 Nxa3 20. Ne4 Rfc8 21. d6 e6 22. Bh4 Nbc2 23. Ra2 Nd4+ 24. Nxd4 cxd4 25. Rfa1 Bxe5 26. Rxa3 d3+ 27. Kxd3 Bxa1 28. Rb3 Rcb8 29. Rxb8+ Rxb8 30. Be7 Rb5 31. Kc4 Rf5 32. Nc5 Rf4+ 33. Kb5 Rf5 34. Kc4 Rf4+ 35. Kb5 f6 36.
Nxd7 Kf7 37. Nc5 Rf2 38. Nb7 Rd2 39. Kc6 Be5 40. g3 h5 41. Bd8 Rc2+ 42. Nc5 Bd4 43. Bb6 Bxc5 44. Bxc5 Rxc5+ 45. Kxc5 Ke8 46. Kc6 Kd8 47.
d7 e5 48. Kd5 Kxd7 0-1

[Event "*** Titled Tuesday Blitz"]
[Site "Chess.com"]
[Date "2019.10.01"]
[Round "9"]
[White "Siemba"]
[Black "GelmanAlexander"]
[Result "0-1"]
[WhiteElo "2259"]
[BlackElo "2503"]
[TimeControl "180+2"]
[EndTime "15:12:24 PDT"]
[Termination "GelmanAlexander won by checkmate"]

1. e4 d5 2. exd5 Qxd5 3. Nc3 Qa5 4. d4 Nf6 5. Bc4 Nc6 6. Ne2 Bg4 7. f3 Bf5 8. O-O O-O-O 9. Qe1 e6 10. Be3 Bg6 11. Kh1 a6 12. a3 Qh5 13. Nf4 Qf5 14. Bd3 Qa5 15. b4 Qb6 16. d5 Nd4 17. dxe6 fxe6 18.
Bxd4 Qxd4 19. Nxe6 Qb6 20. Nxd8 Kxd8 21. Rd1 Bd6 22. Ne4 Bxe4 23. Bxe4 Kc8 24. c4 Bf4 25. c5 Qb5 26. Qh4 g5 27. Qh3+ Kb8 28. Qe6 Nh5 29.
c6 b6 30. Qe7 Qe2 31. Rde1 Qb2 32. Bd5 Nf6 33. Re2 Qd4 34. Be4 h5 35. Qg7 Rg8 36. Qf7 h4 37. Bf5 Rh8 38. Re6 Nh5 39. Re8+ Ka7 40.
Rxh8 Qxh8 41. Rd1 Ng3+ 42. Kg1 Be3# 0-1

[Event "*** Titled Tuesday Blitz"]
[Site "Chess.com"]
[Date "2019.10.01"]
[Round "9"]
[White "Alexander_Moskalenko"]
[Black "Zubrrr"]
[Result "0-1"]
[WhiteElo "2875"]
[BlackElo "2742"]
[TimeControl "180+2"]
[EndTime "15:12:28 PDT"]
[Termination "Zubrrr won by checkmate"]

1. c4 f5 2. g3 Nf6 3. Bg2 g6 4.
d3 Bg7 5. Nc3 O-O 6. e3 e5 7.
Nge2 d6 8. O-O c6 9. b3 Be6 10. Bb2 Qc7 11. Qd2 Nbd7 12. Rae1 Rae8 13. h3 g5 14. f4 h6 15. Kh2 Kh7 16. e4 gxf4 17. gxf4 fxe4 18. Nxe4 Nh5 19. N4g3 Nxg3 20. Nxg3 exf4 21.
Be4+ Kg8 22. Nh5 Bxb2 23. Rg1+ Kh8 24. Qxb2+ Ne5 25. d4 d5 26. Rg7 Rf7 27. dxe5 dxe4 28. Rg6 e3 29. Rxh6+ Rh7 30. Rxh7+ Qxh7 31. Nxf4 Qe4 32.
Ng2 Rg8 33. Qe2 Qxe5+ 34. Kh1 Bxh3 35. Nxe3 Qe4+ 36. Kh2 Qf4+ 37. Kh1 Qe4+ 38. Kh2 Qh4 39. Qb2+ Kh7 40. Rg1 Bg2# 0-1

[Event "*** Titled Tuesday Blitz"]
[Site "Chess.com"]
[Date "2019.10.01"]
[Round "9"]
[White "eldur16"]
[Black "albi1999"]
[Result "1-0"]
[WhiteElo "2634"]
[BlackElo "2534"]
[TimeControl "180+2"]
[EndTime "15:12:29 PDT"]
[Termination "eldur16 won by resignation"]

1. e4 e5 2. Nf3 Nc6 3. Bb5 a6 4. Ba4 Nf6 5. O-O Be7 6. Re1 b5 7. Bb3 d6 8. c3 O-O 9. d4 Bg4 10.
d5 Na5 11. Bc2 Qc8 12. h3 Bd7 13. Nbd2 c6 14. dxc6 Qxc6 15. Nf1 Nc4 16. Ng3 Rfe8 17. a4 h6 18. Nh4 Bf8 19. Nhf5 Kh7 20. Qf3 Ng8 21. Nh5 Be6 22. axb5 axb5 23. Rxa8 Rxa8 24. b3 Nb6 25. Bd2 Nd7 26. b4 g6 27. Nhg3 Ra2 28. Ne3 Nb6 29. Qd1 Nf6 30. Bb1 Ra7 31. Bd3 Nc4 32. Nxc4 Bxc4 33. Qf3 Bxd3 34. Qxd3 Bg7 35.
f3 d5 36. exd5 Qxd5 37. Qe3 Rd7 38. Re2 Re7 39. Be1 Nd7 40. h4 h5 41. Ne4 f6 42.
Rd2 Qc6 43. Rd6 Qc7 44. Qd3 Rf7 45. Qxb5 Kg8 46. Qd5 Kf8 47. b5 Re7 48. Bf2 f5 49. b6 Qc8 50. Ng5 Nf6 51. Rd8+ 1-0